 Dungeon Crawl Stone Soup version 0.31.0-1-g2c135a008e (webtiles) character file.

Game seed: 11123868865005343190

111 qw the Shooter (level 5, 0/40 HPs)
             Began as a Djinni Hunter on Jan 23, 2024.
             Slain by a goblin
             ... wielding a +0 dagger
             ... led by Robin
              (2 damage)
             ... on level 2 of the Dungeon.
             The game lasted 00:00:03 (814 turns).

qw the Shooter (Djinni Hunter)                       Turns: 814, Time: 00:00:04

Health: 0/40       AC:  5    Str: 10    XL:     5   Next: 15%
Gold:   27         EV: 11    Int: 11    God:
                   SH:  0    Dex: 18

rFire   + + .        a - +0 shortbow
rCold   x . .        (shield currently unavailable)
rNeg    . . .        e - +0 ring mail
rPois   inf          (no helmet)
rElec   .            (no cloak)
rCorr   .            (no gloves)
SInv    .            (boots unavailable)
Will    .....        (no amulet)
Stlth   +            (no ring)
HPRegen 0.26/turn    (no ring)
MPRegen 0.00/turn

%: infuse magic (-1 HP)
@: about to teleport, flying
A: sickness immunity, fire resistance 2, cold vulnerability 1, float, innate
caster, HP casting, extra vitality 1
a: no special abilities


You were on level 2 of the Dungeon.
You visited 1 branch of the dungeon, and saw 2 of its levels.

You collected 27 gold pieces.


Innate Abilities, Weirdness & Mutations

You are immune to sickness and miasma.
You are immune to poison.
Your flesh is very heat resistant. (rF++)
You are vulnerable to cold. (rC-)
You float through the air rather than walking.
You learn spells naturally, not from books.
Your magical power is your life essence.
You have superior vitality. (+4 MHP)


   Skills:
 - Level 3.0 Fighting
 + Level 4.5 Ranged Weapons
 - Level 1.0 Armour
 - Level 2.1 Dodging
 - Level 0.7 Stealth


You knew the following spells:

 Your Spells              Type           Power      Damage    Failure   Level
a - Apportation           Tloc           0%         N/A       65%         1
b - Momentum Strike       Conj/Tloc      0%         3d8       80%         2
Your spell library was empty.

Inventory:

Hand Weapons
 a - a +0 shortbow (weapon)
Armour
 e - a +0 ring mail (worn)
Scrolls
 b - 3 scrolls of torment {unknown}
Potions
 g - a potion of attraction {unknown}
 h - a potion of lignification {unknown}

Dungeon Overview and Level Annotations

Branches:
Dungeon (2/15)

Altars:

Shops:
D:1 (((


Message History

The goblin hits you but does no damage. x2; The quokka bites you.
The hobgoblin hits you. The goblin closely misses you.
The goblin hits you but does no damage. The goblin hits you with a +0 club.
The quokka bites you.
You shoot an arrow. The arrow closely misses the goblin.
The quokka barely misses you. The hobgoblin hits you.
The goblin hits you but does no damage. The goblin hits you with a +0 dagger.
The goblin hits you but does no damage.
You shoot an arrow. The arrow barely misses the goblin.
The quokka bites you but does no damage.
The hobgoblin barely misses you. The goblin hits you with a +0 club.
The goblin hits you with a +0 dagger. The goblin hits you but does no damage.
The quokka misses you.
You shoot an arrow. The arrow closely misses the goblin.
The hobgoblin barely misses you.
The goblin hits you but does no damage. x2
The goblin barely misses you. The quokka bites you.
The hobgoblin hits you but does no damage.
The goblin closely misses you. The goblin hits you with a +0 dagger.
The goblin hits you but does no damage.
811 ||| READING scroll of teleportation.
As you read the scroll of teleportation, it crumbles to dust.
You feel strangely unstable. The quokka barely misses you.
The hobgoblin closely misses you. The goblin barely misses you.
The goblin hits you with a +0 dagger. The goblin hits you with a +0 club.
The quokka barely misses you.
You shoot an arrow. The arrow hits the goblin!
You kill the goblin!
The quokka bites you but does no damage.
The goblin hits you but does no damage. The hobgoblin barely misses you.
The goblin hits you with a +0 dagger.
You shoot an arrow. The arrow hits the quokka.
You kill the quokka!
The goblin barely misses you.
The hobgoblin hits you but does no damage.
The goblin barely misses you.
You shoot an arrow. The arrow completely misses the goblin.
The goblin barely misses you. The hobgoblin closely misses you.
The goblin hits you but does no damage. The goblin barely misses you.
The goblin hits you with a +0 dagger.
You die...

........##......#.#
........##......#.#
........##......#.#
........##......#.#
......# #......#.#
.%###.####......#.## .)#
#...)<.........#
..#######......g#..##..#
#<.# #......bg@).....#
.....##..#.....g))#......
..##.##.........)......<.
..# ....)#..###.$.#....##
... .......# #.#......!.
... ........# #.!...##..#
##. ... ....## #.# .. ..
.#


You could see a hobgoblin, 2 goblins and a bat.

Vanquished Creatures
  An orc wizard (D:2)
  Robin (D:2)
  2 adders (D:2)
  3 orcs (D:2)
  2 endoplasms (D:2)
  4 giant cockroaches (D:1)
  13 goblins
  5 hobgoblins
  5 kobolds
  A quokka (D:2)
  5 ball pythons
  3 bats
  6 rats (D:1)
51 creatures vanquished.

Notes
Turn   | Place    | Note
-------+----------+-------------------------------------------
     0 | D:1      | qw the Djinni Hunter began the quest for the Orb.
     0 | D:1      | Reached XP level 1. HP: 18/18 MP: 0/0
     0 | D:1      | 0 ||| qw: Version: 0.3-a-136-gdd3b4e8
     0 | D:1      | 0 ||| qw: Game counter: 1184
     0 | D:1      | 0 ||| qw: Melee chars always use a shield: true
     0 | D:1      | 0 ||| qw: God list: Okawaru
     0 | D:1      | 0 ||| qw: Allow faded altars: false
     0 | D:1      | 0 ||| qw: Do Orc after clearing Dungeon:15 true
     0 | D:1      | 0 ||| qw: Do second Lair branch before Depths: true
     0 | D:1      | 0 ||| qw: Lair rune preference: random
     0 | D:1      | 0 ||| qw: Goals: Normal
     0 | D:1      | 0 ||| PLANNING D:1-11
   126 | D:1      | Reached XP level 2. HP: 23/23 MP: 0/0
   255 | D:1      | Found Yffamoel's Antique Weapon Shoppe.
   386 | D:1      | Reached XP level 3. HP: 28/28 MP: 0/0
   386 | D:1      | Learned a level 1 spell: Apportation
   389 | D:1      | Reached skill level 4 in Ranged Weapons
   422 | D:1      | Found Ananiema's Weapon Shoppe.
   429 | D:1      | Found Girea's Antique Weapon Emporium.
   629 | D:1      | 629 ||| UPGRADING to +0 ring mail.
   639 | D:1      | 639 ||| DROPPING +0 leather armour.
   640 | D:1      | 640 ||| READING 2 scrolls labelled DIXUN HUINE.
   645 | D:1      | 645 ||| READING scroll labelled FYELUPS WAEJ.
   646 | D:1      | 646 ||| DROPPING scroll of butterflies.
   687 | D:2      | Reached skill level 1 in Armour
   727 | D:2      | Reached XP level 4. HP: 25/34 MP: 0/0
   782 | D:2      | Reached skill level 3 in Fighting
   789 | D:2      | Noticed Robin
   796 | D:2      | Killed Robin
   797 | D:2      | Reached XP level 5. HP: 39/40 MP: 0/0
   797 | D:2      | Learned a level 2 spell: Momentum Strike
   810 | D:2      | HP: 10/40 [quokka (2)]
   811 | D:2      | 811 ||| READING scroll of teleportation.
   811 | D:2      | HP: 2/40 [goblin/+0 club[Robin] (3)]
   814 | D:2      | Slain by a goblin

Levels and vault maps discovered:
D:1:      ldierk_walled_garden_2, layout_loops_ring, serial_shops, shop, shop,
          shop
D:2:      layout_rooms, minmay_tetromino_i2, uniq_robin

Skill      XL: |  1  2  3  4 |
---------------+-------------+-----
Ranged Weapons | 4 |  4.5
Armour         | 1 |  1.0
Fighting       | 3 |  3.0
Dodging        | |  2.1
Stealth        | |  0.7

Action                     |  1- 3 |  4- 6 || total
---------------------------+-------+-------++-------
   Fire: Shortbow          |    86 |    42 ||   128
    Use: Scroll            |     2 |     1 ||     3
 Armour: Leather armour    |     9 |       ||     9
         Ring mail         |    12 |    42 ||    54
  Dodge: Dodged            |    19 |    40 ||    59

Table legend:
 A = Non-vault XP
 B = Vault XP
 C = Vault XP percentage of total XP
 D = Non-vault monster count
 E = Vault monster count
 F = Vault count percentage of total count
                 A         B        C        D         E       F
            +---------+---------+-------+---------+---------+-------
      Total |     129 |      30 |  18.9 |      42 |       9 |  17.6
            +---------+---------+-------+---------+---------+-------
        D:1 |      42 |       0 |   0.0 |      26 |       0 |   0.0
        D:2 |      87 |      30 |  25.6 |      16 |       9 |  36.0
            +---------+---------+-------+---------+---------+-------
